TOP OF THE 1ST |
Red Deer Wranglers batting - Pitching for La Crosse Loggers : RHP Tony López
|
Pitching: RHP Tony López
|
|
Batting: LHB Enrico Vargas
|
0-0: Called Strike 0-1: Ball 1-1: Called Strike 1-2: Ball 2-2: Ball 3-2: Fly out, F7 (Flyball, 78S)
|
Batting: RHB Todd Bryant
|
0-0: Foul Ball, location: 2F 0-1: DOUBLE (Line Drive, 8RM)
|
Batting: RHB Oliver Harris
|
0-0: Ball Throwing error on steal attempt, E2 Todd Bryant scores 1-0: Foul Ball, location: 2F 1-1: Ball 2-1: Foul Ball, location: 2F 2-2: Strikes out swinging
|
Batting: SHB José López
|
0-0: Ball 1-0: Foul Ball, location: 2F 1-1: Fly out, F9 (Flyball, 89S)
|
Top of the 1st over - 1 run(s), 1 hit(s), 1 error(s), 0 left on base; Red Deer 1 - La Crosse 0 |
BOTTOM OF THE 1ST |
La Crosse Loggers batting - Pitching for Red Deer Wranglers : RHP William Bryant
|
Pitching: RHP William Bryant
|
|
Batting: LHB Ricardo Ruíz
|
0-0: Called Strike 0-1: Ball 1-1: SINGLE (Flyball, 7LS)
|
Batting: LHB Oliver Beltrán
|
0-0: Called Strike Throwing error on steal attempt, E2 Ricardo Ruíz to third 0-1: Swinging Strike 0-2: Ball 1-2: 2-RUN HOME RUN (Flyball, 9D), Distance : 365 ft
|
Batting: RHB Paul Bailey
|
0-0: Ball 1-0: Ball 2-0: Foul Ball, location: 2F 2-1: Ball 3-1: Base on Balls
|
Batting: LHB José Santos
|
0-0: Ball 1-0: Called Strike 1-1: Ball 2-1: SINGLE (Line Drive, 4) Paul Bailey to second
|
Batting: RHB Luis Ríos
|
0-0: Ball 1-0: Ball 2-0: Ball 3-0: Base on Balls Paul Bailey to third José Santos to second
|
Batting: LHB Enrique Tirado
|
0-0: SINGLE (Groundball, 34) Paul Bailey scores José Santos to third Luis Ríos to second Runner from 3rd tries for Home, SAFE, throw made home
|
Batting: RHB Fraser Stanton
|
0-0: Foul Ball, location: 2F 0-1: Foul Ball, location: 2F 0-2: Fly out, F9 (Flyball, 89M)
|
Batting: RHB Vicente Vélez
|
0-0: Ball 1-0: Ball 2-0: Called Strike 2-1: Foul Ball, location: 2F 2-2: Strikes out looking
|
Batting: RHB Jimmy Smith
|
0-0: Ball 1-0: Ball 2-0: Foul Ball, location: 2F 2-1: Ball 3-1: Base on Balls Luis Ríos to third Enrique Tirado to second
|
Batting: LHB Ricardo Ruíz
|
0-0: Ball 1-0: Called Strike 1-1: Ground out 4-3 (Groundball, 4)
|
Bottom of the 1st over - 4 run(s), 4 hit(s), 1 error(s), 3 left on base; Red Deer 1 - La Crosse 4 |
TOP OF THE 2ND |
Red Deer Wranglers batting - Pitching for La Crosse Loggers : RHP Tony López
|
Batting: LHB Del Kennedy
|
0-0: Ball 1-0: Ground out 3-1 (Groundball, 34)
|
Batting: RHB Carlos Peña
|
0-0: SINGLE (Line Drive, 4MD)
|
Batting: LHB Jorge Olvera
|
0-0: Called Strike 0-1: Ball 1-1: DOUBLE (Line Drive, 5D) Carlos Peña to third
|
Batting: LHB Ron Mayes
|
0-0: Ball 1-0: Ball 2-0: Fly out, F6 (Popup, 6M)
|
Batting: RHB John McDonald
|
0-0: Called Strike 0-1: Swinging Strike 0-2: Ball 1-2: Fly out, F8 (Flyball, 8LM)
|
Top of the 2nd over - 0 run(s), 2 hit(s), 0 error(s), 2 left on base; Red Deer 1 - La Crosse 4 |
BOTTOM OF THE 2ND |
La Crosse Loggers batting - Pitching for Red Deer Wranglers : RHP William Bryant
|
Batting: LHB Oliver Beltrán
|
0-0: Foul Ball, location: 2F 0-1: Swinging Strike 0-2: Ball 1-2: Ball 2-2: Foul Ball, location: 2F 2-2: Strikes out swinging
|
Batting: RHB Paul Bailey
|
0-0: Ball 1-0: Called Strike 1-1: Ball 2-1: Foul Ball, location: 2F 2-2: Fly out, F4 (Popup, 34D)
|
Batting: LHB José Santos
|
0-0: Ball 1-0: Fly out, F8 (Flyball, 8RXD)
|
Bottom of the 2nd over - 0 run(s), 0 hit(s), 0 error(s), 0 left on base; Red Deer 1 - La Crosse 4 |
TOP OF THE 3RD |
Red Deer Wranglers batting - Pitching for La Crosse Loggers : RHP Tony López
|
Batting: LHB Enrico Vargas
|
0-0: Called Strike 0-1: DOUBLE (Line Drive, 9LM)
|
Batting: RHB Todd Bryant
|
0-0: Foul Ball, location: 2F 0-1: Fly out, F3 (Popup, 34)
|
Batting: RHB Oliver Harris
|
0-0: Called Strike 0-1: Foul Ball, location: 2F 0-2: Ball 1-2: Fly out, F8 (Flyball, 8LM)
|
Batting: SHB José López
|
0-0: Called Strike 0-1: Ball 1-1: Ball 2-1: Called Strike 2-2: Foul Ball, location: 2F 2-2: Foul Ball, location: 2F 2-2: Fly out, F8 (Line Drive, 8RM)
|
Top of the 3rd over - 0 run(s), 1 hit(s), 0 error(s), 1 left on base; Red Deer 1 - La Crosse 4 |
BOTTOM OF THE 3RD |
La Crosse Loggers batting - Pitching for Red Deer Wranglers : RHP William Bryant
|
Batting: RHB Luis Ríos
|
0-0: Called Strike 0-1: Foul Ball, location: 2F 0-2: Strikes out swinging
|
Batting: LHB Enrique Tirado
|
0-0: Called Strike 0-1: Ground out 4-3 (Groundball, 4M)
|
Batting: RHB Fraser Stanton
|
0-0: Ball 1-0: Foul Ball, location: 2F 1-1: Ball 2-1: Called Strike 2-2: Ball 3-2: Strikes out swinging
|
Bottom of the 3rd over - 0 run(s), 0 hit(s), 0 error(s), 0 left on base; Red Deer 1 - La Crosse 4 |
TOP OF THE 4TH |
Red Deer Wranglers batting - Pitching for La Crosse Loggers : RHP Tony López
|
Batting: LHB Del Kennedy
|
0-0: Ball 1-0: Called Strike 1-1: Fly out, F7 (Flyball, 7M)
|
Batting: RHB Carlos Peña
|
0-0: Ball 1-0: Foul Ball, location: 2F 1-1: Ball 2-1: Foul Ball, location: 2F 2-2: Strikes out looking
|
Batting: LHB Jorge Olvera
|
0-0: Foul Ball, location: 2F 0-1: Called Strike 0-2: Ball 1-2: Ball 2-2: Ball 3-2: Base on Balls
|
Batting: LHB Ron Mayes
|
0-0: Ball 1-0: Called Strike 1-1: Ball 2-1: Ball 3-1: Foul Ball, location: 2F 3-2: Foul Ball, location: 2F 3-2: Hit by Pitch Jorge Olvera to second
|
Batting: RHB John McDonald
|
0-0: Called Strike 0-1: SINGLE (Line Drive, 8LS) Jorge Olvera to third Ron Mayes to second Runner from 3rd tries for Home, SAFE, no throw or cutoff
|
Batting: LHB Enrico Vargas
|
0-0: Ball 1-0: Ball 2-0: Called Strike 2-1: Foul Ball, location: 2F 2-2: Foul Ball, location: 2F 2-2: Strikes out looking
|
Top of the 4th over - 1 run(s), 1 hit(s), 0 error(s), 2 left on base; Red Deer 2 - La Crosse 4 |
BOTTOM OF THE 4TH |
La Crosse Loggers batting - Pitching for Red Deer Wranglers : RHP William Bryant
|
Batting: RHB Vicente Vélez
|
0-0: Called Strike 0-1: Foul Ball, location: 2F 0-2: Ball 1-2: Ground out 4-3 (Groundball, 4M)
|
Batting: RHB Jimmy Smith
|
0-0: Called Strike 0-1: Swinging Strike 0-2: Foul Ball, location: 2F 0-2: Ball 1-2: Ball 2-2: Ball 3-2: Base on Balls
|
Batting: LHB Ricardo Ruíz
|
0-0: Ball 1-0: Ball 2-0: Ball 3-0: Called Strike 3-1: DOUBLE (Line Drive, 9LS) Jimmy Smith to third
|
Batting: LHB Oliver Beltrán
|
0-0: Fly out, F6 (Line Drive, 6)
|
Batting: RHB Paul Bailey
|
0-0: Ball 1-0: Ball 2-0: Fly out, F9 (Flyball, 9M)
|
Bottom of the 4th over - 0 run(s), 1 hit(s), 0 error(s), 2 left on base; Red Deer 2 - La Crosse 4 |
TOP OF THE 5TH |
Red Deer Wranglers batting - Pitching for La Crosse Loggers : RHP Tony López
|
Batting: RHB Todd Bryant
|
0-0: Ball 1-0: SINGLE (Groundball, 6MD)
|
Batting: RHB Oliver Harris
|
0-0: Called Strike 0-1: Ball 1-1: Ball 2-1: Foul Ball, location: 2F 2-2: Grounds into double play, 5-4-3 (Groundball, 5)
|
Batting: SHB José López
|
0-0: Called Strike 0-1: Ball 1-1: Ball 2-1: Ball 3-1: Foul Ball, location: 2F 3-2: Foul Ball, location: 2F 3-2: SINGLE (Groundball, 5S) (infield hit)
|
Batting: LHB Del Kennedy
|
0-0: Ball 1-0: Fly out, F7 (Flyball, 78S)
|
Top of the 5th over - 0 run(s), 2 hit(s), 0 error(s), 1 left on base; Red Deer 2 - La Crosse 4 |
BOTTOM OF THE 5TH |
La Crosse Loggers batting - Pitching for Red Deer Wranglers : RHP William Bryant
|
Batting: LHB José Santos
|
0-0: Fly out, F5 (Popup, 5F)
|
Batting: RHB Luis Ríos
|
0-0: Called Strike 0-1: Swinging Strike 0-2: Ball 1-2: Ball 2-2: Fly out, F4 (Popup, 4)
|
Batting: LHB Enrique Tirado
|
0-0: Ball 1-0: Called Strike 1-1: Fly out, F3 (Line Drive, 3)
|
Bottom of the 5th over - 0 run(s), 0 hit(s), 0 error(s), 0 left on base; Red Deer 2 - La Crosse 4 |
TOP OF THE 6TH |
Red Deer Wranglers batting - Pitching for La Crosse Loggers : RHP Tony López
|
Batting: RHB Carlos Peña
|
0-0: Foul Ball, location: 2F 0-1: Ball 1-1: Called Strike 1-2: Strikes out swinging
|
Batting: LHB Jorge Olvera
|
0-0: DOUBLE (Groundball, 3L)
|
Batting: LHB Ron Mayes
|
0-0: Ball 1-0: Fly out, F1 (Line Drive, 15)
|
Pitching: RHP Mike Brown
|
|
Batting: RHB John McDonald
|
0-0: Called Strike 0-1: Foul Ball, location: 2F 0-2: Strikes out swinging
|
Top of the 6th over - 0 run(s), 1 hit(s), 0 error(s), 1 left on base; Red Deer 2 - La Crosse 4 |
BOTTOM OF THE 6TH |
La Crosse Loggers batting - Pitching for Red Deer Wranglers : RHP William Bryant
|
Batting: RHB Fraser Stanton
|
0-0: SINGLE (Groundball, 6MD)
|
Batting: RHB Vicente Vélez
|
0-0: Ball 1-0: Called Strike 1-1: Ball 2-1: Foul Ball, location: 2F 2-2: Foul Ball, location: 2F 2-2: Foul Ball, location: 2F 2-2: Fly out, F4 (Popup, 4D)
|
Pitching: RHP Ray Kimball
|
|
Batting: RHB Jimmy Smith
|
0-0: Ball Fraser Stanton is caught stealing 2nd base 1-0: Ball 2-0: Foul Ball, location: 2F 2-1: SINGLE (Groundball, 23) (infield hit)
|
Batting: LHB Ricardo Ruíz
|
0-0: Ball 1-0: Ball 2-0: Called Strike 2-1: Ground out 4-3 (Groundball, 4)
|
Bottom of the 6th over - 0 run(s), 2 hit(s), 0 error(s), 1 left on base; Red Deer 2 - La Crosse 4 |
TOP OF THE 7TH |
Red Deer Wranglers batting - Pitching for La Crosse Loggers : RHP Mike Brown
|
Batting: LHB Enrico Vargas
|
0-0: Called Strike 0-1: Foul Ball, location: 2F 0-2: SOLO HOME RUN (Flyball, 78D), Distance : 388 ft
|
Batting: RHB Todd Bryant
|
0-0: Called Strike 0-1: Foul Ball, location: 2F 0-2: Ball 1-2: Fly out, F9 (Flyball, 9LM)
|
Batting: RHB Oliver Harris
|
0-0: Ground out 4-3 (Groundball, 4)
|
Batting: SHB José López
|
0-0: Foul Ball, location: 2F 0-1: Foul Ball, location: 2F 0-2: Fly out, F5 (Popup, 25F)
|
Top of the 7th over - 1 run(s), 1 hit(s), 0 error(s), 0 left on base; Red Deer 3 - La Crosse 4 |
BOTTOM OF THE 7TH |
La Crosse Loggers batting - Pitching for Red Deer Wranglers : RHP Ray Kimball
|
Batting: LHB Oliver Beltrán
|
0-0: Ball 1-0: Ball 2-0: Ball 3-0: Base on Balls
|
Batting: RHB Paul Bailey
|
0-0: Ball 1-0: Ball 2-0: Fly out, F8 (Flyball, 8RXD)
|
Batting: LHB José Santos
|
0-0: Called Strike 0-1: Fly out, F8 (Flyball, 8LS)
|
Pinch Runner at 1st Jon Kenney:
|
|
Batting: RHB Luis Ríos
|
0-0: Ball Jon Kenney steals 2nd base 1-0: Called Strike 1-1: Ball 2-1: Ball 3-1: Called Strike 3-2: Foul Ball, location: 2F 3-2: Base on Balls
|
Batting: LHB Enrique Tirado
|
0-0: Ball 1-0: Ball 2-0: Swinging Strike Balk! Jon Kenney to third Luis Ríos to second 2-1: Ball Wild Pitch! Jon Kenney scores Luis Ríos to third 3-1: Base on Balls
|
Batting: RHB Fraser Stanton
|
0-0: Ball 1-0: Swinging Strike 1-1: Ball 2-1: Ball 3-1: Base on Balls Enrique Tirado to second
|
Batting: RHB Vicente Vélez
|
0-0: Ball 1-0: Ball 2-0: Swinging Strike 2-1: Swinging Strike 2-2: Foul Ball, location: 2F 2-2: Ball 3-2: Strikes out swinging
|
Bottom of the 7th over - 1 run(s), 0 hit(s), 0 error(s), 3 left on base; Red Deer 3 - La Crosse 5 |
TOP OF THE 8TH |
Red Deer Wranglers batting - Pitching for La Crosse Loggers : RHP Mike Brown
|
Now at 2B: Sam Gates
|
|
Batting: LHB Del Kennedy
|
0-0: Ball 1-0: Called Strike 1-1: Foul Ball, location: 2F 1-2: SINGLE (Line Drive, 89M)
|
Pitching: LHP Marty Blasingame
|
|
Batting: RHB Carlos Peña
|
0-0: Ball 1-0: Ball 2-0: Ball 3-0: Base on Balls Del Kennedy to second
|
Batting: LHB Jorge Olvera
|
0-0: Ball 1-0: Ball 2-0: Foul Ball, location: 2F 2-1: Called Strike 2-2: Strikes out looking
|
Pinch Hitting: RHB Orlando Núñes
|
0-0: Swinging Strike 0-1: Ball 1-1: Ball 2-1: DOUBLE (Flyball, 78XD) Del Kennedy scores Carlos Peña to third
|
Batting: RHB John McDonald
|
0-0: Ball 1-0: Called Strike 1-1: Ball 2-1: Fly out, F4 (Popup, 4D)
|
Batting: LHB Enrico Vargas
|
0-0: 3-RUN HOME RUN (Flyball, 9D), Distance : 367 ft
|
Batting: RHB Todd Bryant
|
0-0: Ball 1-0: SINGLE (Groundball, 4MD)
|
Pitching: RHP David Washington
|
|
Batting: RHB Oliver Harris
|
0-0: Called Strike 0-1: Foul Ball, location: 2F 0-2: Ball 1-2: Ball 2-2: Strikes out swinging
|
Top of the 8th over - 4 run(s), 4 hit(s), 0 error(s), 1 left on base; Red Deer 7 - La Crosse 5 |
BOTTOM OF THE 8TH |
La Crosse Loggers batting - Pitching for Red Deer Wranglers : RHP Ray Kimball
|
Now in LF: Max Duncan
|
|
Batting: RHB Jimmy Smith
|
0-0: Fly out, F9 (Flyball, 9M)
|
Pitching: RHP Russell Cooper
|
|
Batting: LHB Ricardo Ruíz
|
0-0: Called Strike 0-1: Ball 1-1: Swinging Strike 1-2: Strikes out swinging
|
Batting: RHB Sam Gates
|
0-0: Fly out, F7 (Flyball, 78M)
|
Bottom of the 8th over - 0 run(s), 0 hit(s), 0 error(s), 0 left on base; Red Deer 7 - La Crosse 5 |
TOP OF THE 9TH |
Red Deer Wranglers batting - Pitching for La Crosse Loggers : RHP David Washington
|
Batting: SHB José López
|
0-0: Called Strike 0-1: Ball 1-1: Foul Ball, location: 2F 1-2: Ball 2-2: Fly out, F6 (Popup, 7S)
|
Batting: LHB Del Kennedy
|
0-0: Ball 1-0: SINGLE (Line Drive, 8LS)
|
Batting: RHB Carlos Peña
|
0-0: Ball 1-0: Ball 2-0: Fielders Choice at 2nd, 5-4 (Groundball, 56)
|
Batting: LHB Jorge Olvera
|
0-0: Ball 1-0: Called Strike 1-1: Fly out, F7 (Flyball, 7S)
|
Top of the 9th over - 0 run(s), 1 hit(s), 0 error(s), 1 left on base; Red Deer 7 - La Crosse 5 |
BOTTOM OF THE 9TH |
La Crosse Loggers batting - Pitching for Red Deer Wranglers : RHP Russell Cooper
|
Pitching: RHP Tatsuzo Harada
|
|
Batting: RHB Paul Bailey
|
0-0: Foul Ball, location: 2F 0-1: Ball 1-1: Swinging Strike 1-2: Strikes out swinging
|
Batting: LHB José Santos
|
0-0: Ball 1-0: Fly out, F6 (Popup, 56D)
|
Batting: RHB Luis Ríos
|
0-0: Ball 1-0: Called Strike 1-1: Fly out, F4 (Line Drive, 4)
|
Bottom of the 9th over - 0 run(s), 0 hit(s), 0 error(s), 0 left on base; Red Deer 7 - La Crosse 5 |
|